 Dungeon Crawl Stone Soup version 0.19-a0-1268-g6c5d9f8 (webtiles) character file.

11788 inmateoo the Carver (level 11, -1/95 HPs)
             Began as a Purple Draconian Wanderer on Aug 29, 2016.
             Was an Elder of Makhleb.
             Slain by a yak (16 damage)
             ... on level 11 of the Dungeon.
             The game lasted 00:18:58 (11787 turns).

inmateoo the Carver (Purple Draconian Wanderer)    Turns: 11787, Time: 00:18:59

Health: -1/95      AC: 12    Str: 19    XL:     11   Next: 53%
Magic:  21/21      EV: 16    Int: 11    God:    Makhleb [****..]
Gold:   540        SH:  5    Dex: 14    Spells: 2 memorised, 14 levels left

rFire  . . .     SeeInvis .     a - +9 falchion
rCold  . . .     Gourm    .     (armour unavailable)
rNeg   . . .     Faith    .     A - +0 buckler
rPois  +         Spirit   .     F - +2 hat
rElec  .         Dismiss  .     L - +0 cloak (curse)
rCorr  +         Reflect  .     n - +1 pair of gloves
MR     +....     Harm     .     (no boots)
Stlth  +......... Clarity  +    (no amulet)
                                h - ring of the Okapi {rPois Str+5}
                                E - ring of resist corrosion

@: no status effects
A: breathe power, unfitting armour, clarity, clumsy 1, evolution 1,
cold-blooded, AC +7
a: Breathe Dispelling Energy, Minor Destruction, Lesser Servant of Makhleb,
Major Destruction, Renounce Religion


You were on level 11 of the Dungeon.
You worshipped Makhleb.
Makhleb was greatly pleased with you.
You were not hungry.

You visited 2 branches of the dungeon, and saw 12 of its levels.
You also visited: Bailey.

You collected 673 gold pieces.
You spent 133 gold pieces at shops.

Inventory:

Hand Weapons
 a - a +9 falchion (weapon)
 p - a +0 trident
 N - a +2 scimitar of flaming
Armour
 n - a +1 pair of gloves (worn)
 A - a +0 buckler (worn)
 F - a +2 hat (worn)
 L - a cursed +0 cloak (worn)
Magical Staves
 O - an uncursed staff of cold
Jewellery
 h - the ring of the Okapi (right hand) {rPois Str+5}
   (You found it on level 5 of the Dungeon)

   [ring of poison resistance]

   It affects your strength (+5).
   It protects you from poison.
 E - a ring of resist corrosion (left hand)
Wands
 q - a wand of lightning (6/15)
 D - a wand of iceblast (7/15)
 J - a wand of flame (21/48)
 K - a wand of paralysis (14/24)
 M - a wand of lightning (8/15)
Scrolls
 b - 2 scrolls of identify
 j - 4 scrolls of teleportation
 m - 2 scrolls of fog
 o - 3 scrolls of blinking
 r - 2 scrolls of recharging
 s - a scroll of fear
 u - 3 scrolls of remove curse
 v - 2 scrolls of amnesia
Potions
 c - a potion of invisibility
 e - 3 potions of brilliance
 f - 2 potions of heal wounds
 g - a potion of haste
 i - 3 potions of curing
 k - 2 potions of might
 x - a potion of mutation
 B - 3 potions of agility
 C - 2 potions of cure mutation
 I - a potion of flight
Books
 w - a book of Death

   Spells                             Type                      Level
   a - Corpse Rot                     Necromancy                   2
   b - Sublimation of Blood           Necromancy                   2
   c - Agony                          Necromancy                   5
   d - Dispel Undead                  Necromancy                   5
   e - Excruciating Wounds            Charms/Necromancy            5
   f - Bolt of Draining               Conjuration/Necromancy       5
 y - the Handbook of the Hidden Cities
   (You found it on level 6 of the Dungeon)

   Spells                             Type                      Level
   a - Ozocubu's Armour               Charms/Ice                   3
   b - Tukima's Dance                 Hexes                        3
   c - Cause Fear                     Hexes                        4
   d - Summon Ice Beast               Ice/Summoning                4
   e - Simulacrum                     Ice/Necromancy               6
 z - a book of Fire

   Spells                             Type                      Level
   a - Ignite Poison                  Fire/Transmutation/Poison    3
   b - Fireball                       Conjuration/Fire             5
   c - Bolt of Fire                   Conjuration/Fire             6
   d - Delayed Fireball               Conjuration/Fire             7
   e - Ring of Flames                 Charms/Fire                  7
Comestibles
 d - 10 bread rations
 l - 8 meat rations
 t - 6 chunks of flesh
 G - 2 beef jerkies
 H - 10 royal jellies


   Skills:
 + Level 8.7 Fighting
   Level 1.0(5.8) Short Blades
 * Level 9.2(9.3) Long Blades
   Level 1.0 Maces & Flails
 - Level 1.0 Throwing
 + Level 6.7 Dodging
 + Level 5.7 Shields
 - Level 5.8 Unarmed Combat
 + Level 7.2 Spellcasting
 + Level 5.7 Necromancy
 + Level 2.4 Invocations
 + Level 2.3 Evocations


You had 14 spell levels left.
You knew the following spells:

 Your Spells              Type           Power        Failure   Level  Hunger
a - Bolt of Draining      Conj/Necr      ##........   98%         5    ######.
b - Dispel Undead         Necr           ###.....     45%         5    ######.


Dungeon Overview and Level Annotations

Branches:
Dungeon (11/15)            Temple (1/1) D:5            Lair (0/6) D:9
    Orc: D:9-12

Altars:
Ashenzari
Cheibriados
Dithmenos
Fedhas
Gozag
Hepliaklqana
Kikubaaqudgha
Makhleb
Nemelex Xobeh
Okawaru
Qazlal
Ru
Sif Muna
Trog
Uskayaw
Vehumet
Xom
Yredelemnul
Zin
The Shining One

Shops:
D:4 *

Annotations:
D:11 exclusion: orange crystal statue


Innate Abilities, Weirdness & Mutations

You can breathe bolts of dispelling energy.
Your rich purple scales are hard. (AC +7)
Your body does not fit into most forms of armour.
You are cold-blooded and may be slowed by cold attacks.
You possess an exceptional clarity of mind.
You are clumsy. (Dex -2)
You evolve.


Message History

The yak gores you but does no damage.
You barely miss the yak.
Your tail-slap misses the yak.
The yak is almost dead.
The centaur shoots an arrow.
The arrow closely misses you. The yak gores you!
* * * LOW HITPOINT WARNING * * *
You hit the yak.
The yak is almost dead.
You block the yak's attack.
Unknown command.
You slash the yak!
You kill the yak!
Makhleb accepts your kill. The yak misses you.
You riposte.
You barely miss the yak. You tail-slap the yak.
The yak is moderately wounded.
The yak gores you!
* * * LOW HITPOINT WARNING * * *
Unknown command.
The yak gores you!
You die...

.........#....(....YY)...........
.........#......(######.######...
.^.......#.......()...#......#...
.........#########(.(.#......#...
.........#.......#.†..#.(....#...
.........#.......#cY..#......#...
.......(.#.......#Y...###########
.........#.......Y.........#.....
.........#.....)@..........#.....
..(......#...........(.....#.....
)))†.....#.................#.....
.........#.................#.....
..########...<...#.........#....[
.........#.......#.........#.....
.........#.......#.........#.....
.........#########.........#.....
.................######....#....)


You could see 3 yaks and a centaur.

Vanquished Creatures
  Fannar (D:11)
  3 hill giants
  An orc knight (Bailey)
  An ugly thing (D:11)
  Psyche (D:11)
  The ghost of inmateoo the Insei, a novice DsTm of Cheibriados (D:6)
  An efreet (D:10)
  3 trolls
  A wyvern (D:5)
  Grum (D:8)
  6 yaks (D:11)
  4 hippogriffs
  A sky beast (D:8)
  2 black bears (D:8)
  5 ice beasts
  5 ogres
  11 orc warriors
  6 centaurs
  2 wolves (D:8)
  A big kobold (D:9)
  A gnoll sergeant (D:6)
  4 giant frogs
  2 scorpions
  4 killer bees (D:8)
  9 wights (D:11)
  3 howler monkeys (D:9)
  2 crimson imps
  A wasp zombie (D:7)
  A giant frog zombie (D:10)
  3 giant frog skeletons
  11 hounds
  7 orc priests
  7 jellies
  5 orc wizards
  4 iguanas
  6 worker ants
  3 hound zombies
  2 hound skeletons
  3 worker ant zombies
  7 gnolls
  A howler monkey skeleton (D:5)
  12 adders
  6 oozes
  2 adder skeletons
  2 adder zombies
  6 worms
  3 dart slugs
  7 giant geckos
  49 orcs
  6 bats
  2 giant cockroaches
  10 hobgoblins
  17 jackals
  5 quokkas
  A ball python (D:3)
  6 giant newts
  9 goblins
  A jackal zombie (D:7)
  9 kobolds
  A quokka skeleton (D:6)
  4 rats
301 creatures vanquished.

Notes
Turn   | Place    | Note
-------+----------+-------------------------------------------
     0 | D:1      | inmateoo the Draconian Wanderer began the quest for the Orb.
     0 | D:1      | inmateoo set off with: a +2 falchion, a potion of lignification, a +0 mace, a bread ration
     0 | D:1      | Reached XP level 1. HP: 19/19 MP: 1/1
   324 | D:1      | Reached skill level 1 in Unarmed Combat
   398 | D:1      | Reached XP level 2. HP: 26/26 MP: 2/2
   867 | D:2      | Found a bloodstained altar of Trog.
   885 | D:2      | Reached XP level 3. HP: 31/31 MP: 3/3
  1570 | D:2      | Reached XP level 4. HP: 35/40 MP: 4/4
  2102 | D:3      | Reached XP level 5. HP: 46/46 MP: 5/5
  3277 | D:4      | Reached XP level 6. HP: 21/55 MP: 6/6
  3550 | D:4      | Found Engihupo's Assorted Antiques.
  3558 | D:4      | Bought a potion of heal wounds for 95 gold pieces
  3558 | D:4      | Bought a scroll of identify for 38 gold pieces
  3627 | D:5      | Entered Level 5 of the Dungeon
  3629 | D:5      | Got an ancient bone ring
  3630 | D:5      | Identified the ring of the Okapi {rPois Str+5} (You found it on level 5 of the Dungeon)
  3755 | D:5      | Reached skill level 1 in Short Blades
  3771 | D:5      | Reached skill level 5 in Fighting
  3867 | D:5      | Found a staircase to the Ecumenical Temple.
  3873 | D:5      | Reached skill level 1 in Spellcasting
  3891 | D:5      | Your scales start taking on a rich purple colour.
  3891 | D:5      | Reached XP level 7. HP: 36/61 MP: 8/8
  3895 | D:5      | Reached skill level 3 in Long Blades
  3918 | D:5      | Learned a level 5 spell: Bolt of Draining
  4016 | D:5      | Noticed a wyvern
  4028 | Temple   | Entered the Ecumenical Temple
  4143 | Temple   | Became a worshipper of Makhleb the Destroyer
  4310 | D:5      | Found a hazy altar of Hepliaklqana.
  4310 | D:5      | Found a basalt altar of Yredelemnul.
  4350 | D:5      | Killed a wyvern
  4350 | D:5      | Reached skill level 1 in Necromancy
  4733 | D:6      | Reached skill level 4 in Long Blades
  4765 | D:6      | Identified the Handbook of the Hidden Cities
  4796 | D:6      | Reached XP level 8. HP: 24/70 MP: 11/11
  4901 | D:6      | Noticed inmateoo's ghost (novice DsTm)
  5101 | D:6      | Learned a level 5 spell: Dispel Undead
  5559 | D:6      | Reached skill level 5 in Unarmed Combat
  5610 | D:6      | Killed inmateoo's ghost
  5610 | D:6      | Reached skill level 5 in Long Blades
  5836 | D:6      | Found a snail-covered altar of Cheibriados.
  5836 | D:6      | Found a shimmering altar of Xom.
  5927 | D:7      | Found a flagged portal.
  5935 | D:7      | Reached * piety under Makhleb
  5984 | Bailey   | Entered a bailey
  6341 | Bailey   | Noticed an orc knight
  6484 | Bailey   | Killed an orc knight
  6484 | Bailey   | Reached XP level 9. HP: 30/78 MP: 13/15
  7043 | Bailey   | Reached skill level 6 in Long Blades
  7289 | Bailey   | Got an encrusted large shield
  7300 | Bailey   | Identified the +2 large shield of Fach {rC+ Str-5 Int+3} (You found it in a bailey)
  7325 | Bailey   | Noticed an orc knight
  7562 | D:7      | Reached skill level 5 in Dodging
  7617 | D:7      | Reached ** piety under Makhleb
  8034 | D:8      | Noticed a troll
  8049 | D:8      | Found a blossoming altar of Fedhas.
  8057 | D:8      | Noticed Grum
  8082 | D:8      | Killed Grum
  8092 | D:8      | Killed a troll
  8092 | D:8      | Reached skill level 5 in Spellcasting
  8473 | D:8      | Reached skill level 7 in Long Blades
  8524 | D:8      | Reached XP level 10. HP: 86/86 MP: 17/17
  8953 | D:8      | Noticed a hill giant
  8960 | D:8      | Killed a hill giant
  9080 | D:8      | Found a glowing golden altar of the Shining One.
  9368 | D:9      | Reached *** piety under Makhleb
  9612 | D:9      | Reached skill level 8 in Long Blades
  9706 | D:9      | Found a staircase to the Lair.
  9803 | D:9      | Found an iron altar of Okawaru.
 10202 | D:10     | Entered Level 10 of the Dungeon
 10415 | D:10     | Reached **** piety under Makhleb
 10550 | D:10     | Noticed a hill giant
 10564 | D:10     | Killed a hill giant
 10564 | D:10     | Reached skill level 5 in Necromancy
 11070 | D:11     | Noticed a brown ugly thing
 11082 | D:11     | Killed a brown ugly thing
 11082 | D:11     | Reached skill level 5 in Shields
 11082 | D:11     | Reached skill level 1 in Invocations
 11082 | D:11     | Reached XP level 11. HP: 38/94 MP: 20/20
 11089 | D:11     | Gained mutation: You evolve. [mutagenic meat]
 11092 | D:11     | Gained mutation: You possess an exceptional clarity of mind. [mutagenic meat]
 11095 | D:11     | Gained mutation: You are clumsy. (Dex -2) [mutagenic meat]
 11196 | D:11     | Reached skill level 1 in Evocations
 11334 | D:11     | Noticed an orange crystal statue
 11346 | D:11     | Noticed a hill giant
 11354 | D:11     | Killed a hill giant
 11510 | D:11     | Reached skill level 9 in Long Blades
 11559 | D:11     | Noticed Fannar
 11581 | D:11     | Killed Fannar
 11614 | D:11     | Noticed Psyche
 11625 | D:11     | Killed Psyche
 11787 | D:11     | Slain by a yak

Vault maps used:
D:1:      elethiomel_arrival_shortcut, wad_floor_pattern_2
D:2:      bloody_trog, first_bread, minmay_fountain_box
D:4:      serial_shops, shop
D:5:      amethyst_overflow_temple_binary
D:6:      gammafunk_temple_overflow_wave
D:7:      enter_bailey_1
D:8:      tso_metal_star, hangedman_little_slice_of_home,
          minmay_misc_feat_tower, fedhas_altar_3, uniq_grum
D:9:      dpeg_oklobed_lair, okawaru_altar_gauntlet_db
D:11:     portal_ice_cave_entry_animals_and_master, minmay_protected_statue,
          uniq_fannar, uniq_psyche
Temple:   regret_index_temple_generic_petals
Bailey:   bailey_polearm_1, bailey

Skill      XL: |  1  2  3  4  5  6  7  8  9 10 11 |
---------------+----------------------------------+-----
Unarmed Combat | 1 2 3 4 5 |  5.8
Dodging        | 2 3 4 5 6 |  6.7
Fighting       | 4 5 6 7 8 |  8.7
Short Blades   | 1 |  1.0
Spellcasting   | 1 2 4 5 6 7 |  7.2
Long Blades    | 4 5 7 8 9 |  9.2
Necromancy     | 2 3 4 5 |  5.7
Shields        | 2 3 5 |  5.7
Invocations    | 1 2 |  2.4
Evocations     | 2 |  2.3
Maces & Flails | |  1.0
Throwing       | |  1.0

Action                   |  1- 3 |  4- 6 |  7- 9 | 10-12 || total
-------------------------+-------+-------+-------+-------++-------
Melee: Falchion          |   129 |   202 |   341 |   511 ||  1183
       Tailslap          |    12 |    22 |    47 |    92 ||   173
       Punch             |       |     3 |     2 |       ||     5
       Trident           |       |       |    40 |       ||    40
 Abil: Breathe Dispellin |       |       |     7 |     1 ||     8
  Use: Scroll            |       |    19 |     7 |     3 ||    29
       Potion            |       |     2 |     5 |     3 ||    10
 Stab: Sleeping          |     2 |     4 |     2 |     2 ||    10
  Eat: Chunk             |     2 |     8 |     9 |    16 ||    35
       Beef jerky        |       |       |     1 |       ||     1
       Meat ration       |       |       |     1 |       ||     1
Armor: Skin              |    28 |    35 |   124 |   100 ||   287
Dodge: Dodged            |    64 |   110 |   206 |   283 ||   663
Block: Buckler           |       |       |    50 |   107 ||   157
